 Dungeon Crawl Stone Soup version 0.28-a0-519-gbfeecf2fc5 (webtiles) character file.

Game seed: 14358316085685366629

57319 AttackTheMoon the Severer (level 14, -2/104 HPs)
             Began as a Hill Orc Monk on Sept 23, 2021.
             Was an Elder of Beogh.
             Slain by an unseen horror (6 damage)
             ... on level 2 of the Abyss.
             The game lasted 00:59:56 (22734 turns).

AttackTheMoon the Severer (Hill Orc Monk)          Turns: 22734, Time: 00:59:57

Health: -2/104     AC: 26    Str: 25      XL:     14   Next: 85%
Magic:  0/25       EV:  8    Int: 12 (14) God:    Beogh [****..]
Gold:   2692       SH:  8    Dex:  9      Spells: 13/13 levels left

rFire   + + .      SeeInvis .   U - +0 broad axe (flame)
rCold   . . .      Faith    .   j - +2 buckler {AC+3}
rNeg    . . .      Spirit   +   T - +2 plate armour {rF+}
rPois   .          Reflect  .   a - +1 hat
rElec   .          Harm     .   V - +0 cloak
rCorr   +          Rampage  .   e - +0 pair of gloves
Will    ++...                   o - +0 pair of boots of Sunlight {Will+}
Stlth   ..........              h - amulet of guardian spirit
HPRegen 0.27/turn               x - +6 ring of strength
MPRegen 0.19/turn               c - ring of Zuat {rF+ rCorr Int+4 Slay+6}

@: very slightly contaminated, unable to read
A: [clumsy 2], [frail 2], [inability to read while threatened]
a: Renounce Religion, Smiting, Recall Orcish Followers


You were on level 2 of the Abyss.
You worshipped Beogh.
Beogh was greatly pleased with you.
You visited 3 branches of the dungeon, and saw 17 of its levels.
You visited the Abyss 1 time.
You also visited: Volcano.

You collected 3730 gold pieces.
You spent 1038 gold pieces at shops.

Inventory:

Hand Weapons
 v - a +6 hand axe
 H - a +2 broad axe of venom
 Q - a +2 arbalest of flaming
 U - a +0 broad axe of flaming (weapon)
 X - the +9 staff of Wucad Mu {*channel}
   (You found it on level 3 of the Lair of Beasts)

   It occasionally powers its wielder's spells, but with a chance of causing
   confusion or draining the wielder's intelligence.
   It becomes more likely to activate and less likely to backfire with increased
   Evocations skill.
Missiles
 b - 2 throwing nets
 P - 82 bolts
Armour
 a - a +1 hat (worn)
 e - a +0 pair of gloves (worn)
 i - a +1 plate armour of cold resistance
 j - a +2 buckler of protection (worn)
 m - a +2 plate armour of poison resistance
 o - the +0 pair of boots of Sunlight (worn) {Will+}
   (You found it on level 4 of the Dungeon)

   Will:      It increases your willpower.
 T - a +2 plate armour of fire resistance (worn)
 V - a +0 cloak (worn)
Jewellery
 c - the ring of Zuat (right hand) {rF+ rCorr Int+4 Slay+6}
   (You acquired it on level 5 of the Dungeon)

   [ring of protection from fire]

   Int:       It affects your intelligence (+4).
   Slay:      It affects your accuracy & damage with ranged weapons and melee
   (+6).
   rF:        It protects you from fire.
   rCorr:     It protects you from acid and corrosion.
 d - a +6 ring of strength
 h - an amulet of guardian spirit (around neck)
 k - a +6 ring of intelligence
 l - a ring of magical power
 p - a ring of positive energy
 q - a +4 ring of evasion
 u - the ring "Iterph" {rF+ Will+ Int+2}
   (You bought it in a shop on level 2 of the Orcish Mines)

   [ring of willpower]

   Int:       It affects your intelligence (+2).
   rF:        It protects you from fire.
   Will:      It increases your willpower.
 x - a +6 ring of strength (left hand)
 y - a ring of see invisible
 A - a ring of magical power
 B - a ring of protection from cold
 J - a +4 ring of protection
Wands
 z - a wand of polymorph (8)
 G - a wand of iceblast (11)
 I - a wand of mindburst (17)
Scrolls
 n - 2 scrolls of magic mapping
 C - 5 scrolls of enchant armour
 M - a scroll of enchant weapon
 R - a scroll of identify
 Y - 2 scrolls of amnesia
Potions
 f - 4 potions of lignification
 g - 2 potions of flight
 r - 4 potions of attraction
 t - a potion of cancellation
 D - 2 potions of degeneration
 E - a potion of invisibility
 F - a potion of brilliance
Miscellaneous
 s - a condenser vane


   Skills:
 + Level 13.9 Fighting
 + Level 15.1 Axes
 + Level 5.3 Crossbows
 + Level 12.3 Armour
 - Level 2.8 Dodging
 - Level 1.5 Stealth
 + Level 12.1 Shields
 + Level 14.7 Invocations


You had 13 spell levels left.
You didn't know any spells.
Your spell library contained the following spells:

 Spells                   Type           Power      Damage    Failure   Level
 Beastly Appendage        Tmut           0%         N/A       96%         1
 Foxfire                  Conj/Fire      0%         2x1d4     96%         1
 Magic Dart               Conj           0%         1d3       96%         1
 Call Imp                 Summ           0%         N/A       99%         2
 Wereblood                Tmut           0%         N/A       99%         2
 Conjure Flame            Conj/Fire      0%         6-21      100%        3
 Gell's Gravitas          Tloc           0%         N/A       100%        3
 Ignite Poison            Fire/Tmut/Pois 0%         N/A       100%        3
 Inner Flame              Hex/Fire       0%         N/A       100%        3
 Lesser Beckoning         Tloc           0%         N/A       100%        3
 Mephitic Cloud           Conj/Pois/Air  0%         N/A       100%        3
 Spider Form              Tmut/Pois      0%         N/A       100%        3
 Teleport Other           Tloc           0%         N/A       100%        3
 Flame Wave               Conj/Fire      0%         3d3       100%        4
 Fulminant Prism          Conj/Hex       0%         3d6       100%        4
 Iskenderun's Mystic Bla  Conj/Tloc      0%         2d3       100%        4
 Sticky Flame             Conj/Fire      0%         2d3       100%        4
 Lee's Rapid Deconstruct  Erth           0%         3d5*      100%        5


Dungeon Overview and Level Annotations

Branches:
Dungeon (11/15)            Temple (0/1) D:4            Lair (4/6) D:11
  Snake (0/4) Lair:4          Orc (2/2) D:11            Elf (0/3) Orc:2
Volcano (visited)
  Swamp: Lair:2-4    Shoals: Lair:2-4

Altars:
Ashenzari
Cheibriados
Elyvilon
Hepliaklqana
Okawaru
Qazlal
Sif Muna
Trog
Vehumet
Wu Jian
Xom
Zin
The Shining One
Beogh
Lugonu

Shops:
Orc:2 [**?(?

Portals:
Abyss: D:6

Annotations:
D:11 2 transporters, jasper's ghost, journeyman DsCj
Orc:1 Sonja


Innate Abilities, Weirdness & Mutations

[You are very clumsy. (Dex -4)]
[You are very frail. (-20% HP)]
[You sometimes lose the ability to read scrolls when taking damage.]


Message History

Something hits you but does no damage.
Something hits you but does no damage. x2
You see here the +0 pair of gloves "Kunafone" {*Corrode Will+ Dex+5}.
Something hits you but does no damage. Something hits you.
* * * LOW HITPOINT WARNING * * *
Something hits you but does no damage. Something hits you but does no damage.
Something hits you but does no damage. Something hits you.
* * * LOW HITPOINT WARNING * * *
You block something's attack. Something hits you but does no damage.
You block something's attack.
A chaos spawn comes into view.
A tentacle flies out from the starspawn's body!
A starspawn tentacle comes into view.
Something hits you.
* * * LOW HITPOINT WARNING * * *
Something hits you but does no damage. Something hits you but does no damage.
The chaos spawn gibbers incoherently in a cacophony of voices.
The wretched star pulses with an eldritch light!
You lose the ability to read scrolls when threatened.
Something hits you but does no damage.
A flying skull comes into view.
You flicker for a moment.
Something hits you but does no damage. Something hits you.
* * * LOW HITPOINT WARNING * * *
Something hits you but does no damage. Something hits you but does no damage.
You flicker back into view.
Something hits you but does no damage.
Something hits you but does no damage. x2
Something hits you but does no damage. Something hits you.
* * * LOW HITPOINT WARNING * * *
Something hits you!
You feel threatened and lose the ability to read scrolls!
You die...

.#.##.#...
....#.... ...#
........ ...#.
#...#.. #.#..
#....##.....
#.....#..#
#.......# ..
#.@#..# .. #.#..#
. #.##.## #
.##...# ##
.##.{######.# ##
#...#4#### .####
4##
#####...#......#
.. .
#.###.X.#..#.#...
## #....#.{ #. #


There were no monsters in sight!

Vanquished Creatures
  Jorgrun (Orc:2)
  2 orc warlords
  An ophan (Abyss:2)
  A red draconian (Volcano)
  An ettin (D:11)
  Josephine (D:11)
  2 boulder beetles
  4 hydras
  Erolcha (D:9)
  4 ogre magi (Orc:2)
  A centaur warrior (Volcano)
  Erica (D:11)
  4 thrashing horrors (Abyss:2)
  15 two-headed ogres
  An orc high priest (Orc:2)
  A lindwurm (Lair:3)
  2 orc knights
  An orc sorcerer (Orc:1)
  4 black mambas
  8 cane toads
  A freezing wraith (Abyss:2)
  A rime drake (Lair:1)
  A yaktaur (Volcano)
  4 komodo dragons
  An ancient zyme (Abyss:2)
  5 trolls
  3 large abominations (Abyss:2)
  A hornet (Lair:3)
  4 blink frogs (Abyss:2)
  A vampire (D:11)
  A shadow (D:11)
  2 starcursed masses (Abyss:2)
  47 yaks
  2 wyverns
  5 wraiths
  2 basilisks
  6 vampire mosquitoes (D:10)
  A steam dragon (D:6)
  A chaos spawn (Abyss:2)
  6 wargs
  An acid dragon (D:8)
  9 water moccasins
  17 orc warriors
  A sky beast (D:6)
  A necrophage (D:6)
  A black bear (D:6)
  4 ice beasts
  28 ogres
  4 wolves (Lair:3)
  5 centaurs
  3 phantoms
  4 kobold brigands
  12 bullfrogs
  A scorpion (D:5)
  2 gnoll sergeants
  A water moccasin skeleton (D:4)
  12 killer bees
  9 wights
  7 howler monkeys
  2 electric eels (D:10)
  A centaur zombie (D:7)
  2 bullfrog zombies (D:6)
  2 centaur skeletons (D:5)
  2 jellies
  13 orc priests
  A bullfrog skeleton (D:6)
  Jessica (D:2)
  3 iguanas
  17 orc wizards
  Robin (D:3)
  15 gnolls
  A howler monkey skeleton (D:6)
  3 adders
  An ufetubus (D:5)
  2 worms (D:5)
  6 dart slugs
  52 orcs
  2 bats
  7 endoplasms
  2 giant cockroaches
  9 goblins
  15 hobgoblins
  2 jackals (D:2)
  7 quokkas
  3 ball pythons
  9 frilled lizards
  29 kobolds
  3 rats
486 creatures vanquished.

Vanquished Creatures (collateral kills)
  A two-headed ogre (Orc:2)
  An orc knight (Orc:2)
  An orb spider (shapeshifter) (D:11)
  A warg (D:11)
  An orc warrior (Orc:2)
  An orc priest (D:11)
  An orc wizard (Orc:2)
  2 orcs (Orc:2)
9 creatures vanquished.

Vanquished Creatures (others)
  4 orc priests
  A blink frog (Abyss:2)
  3 orc warriors
  A necrophage (D:6)
  3 orc wizards
  23 orcs
  5 goblins (D:3)
  2 hobgoblins (D:3)
  A ball python (D:3)
  A rat (D:3)
  9 fungi
  19 plants
  10 starspawn tentacles (Abyss:2)
82 creatures vanquished.

Grand Total: 577 creatures vanquished

Notes
Turn   | Place    | Note
-------+----------+-------------------------------------------
     0 | D:1      | AttackTheMoon the Hill Orc Monk began the quest for the
                  | Orb.
     0 | D:1      | Reached XP level 1. HP: 19/19 MP: 1/1
   333 | D:1      | Reached XP level 2. HP: 27/27 MP: 2/2
   350 | D:1      | Reached skill level 1 in Invocations
   683 | D:1      | Found Yro Onet's Weapon Shop.
   840 | D:1      | Reached XP level 3. HP: 32/33 MP: 4/4
  1144 | D:2      | Reached skill level 1 in Armour
  1334 | D:2      | Found a faded altar of an unknown god.
  1617 | D:2      | Noticed Jessica
  1621 | D:2      | Killed Jessica
  1622 | D:2      | Reached XP level 4. HP: 41/41 MP: 5/5
  2002 | D:2      | Identified a scroll of acquirement
  2694 | D:3      | Reached XP level 5. HP: 46/47 MP: 7/7
  2777 | D:3      | Became a worshipper of Beogh the Brigand
  2777 | D:3      | Reached * piety under Beogh
  2777 | D:3      | Reached ** piety under Beogh
  3318 | D:3      | Noticed Robin
  3331 | D:3      | Reached skill level 1 in Shields
  3338 | D:3      | Killed Robin
  3586 | D:4      | Acquired a +0 buckler of protection
  3593 | D:4      | Acquired 1038 gold pieces
  3595 | D:4      | Acquired 783 gold pieces
  3701 | D:4      | Identified the +0 pair of boots of Sunlight {Will+}
  4044 | D:4      | Found a staircase to the Ecumenical Temple.
  4161 | D:4      | Noticed a phantom
  4173 | D:4      | Reached skill level 5 in Axes
  4200 | D:4      | Killed a phantom
  4201 | D:4      | Reached skill level 5 in Fighting
  4201 | D:4      | Reached XP level 6. HP: 31/56 MP: 8/8
  4560 | D:5      | Entered Level 5 of the Dungeon
  4630 | D:5      | Found a snail-covered altar of Cheibriados.
  4701 | D:5      | Reached XP level 7. HP: 50/61 MP: 10/10
  4764 | D:5      | Acquired the ring of Zuat {rF+ rCorr Int+4 Slay+6}
  5210 | D:5      | Reached skill level 6 in Axes
  5526 | D:6      | Reached skill level 5 in Invocations
  5526 | D:6      | Reached XP level 8. HP: 68/70 MP: 11/11
  5958 | D:6      | Reached skill level 7 in Axes
  6008 | D:6      | Reached skill level 5 in Armour
  6017 | D:6      | Reached XP level 9. HP: 73/79 MP: 13/13
  6021 | D:6      | Reached skill level 5 in Shields
  6217 | D:6      | Found a large runed translucent door.
  6217 | D:6      | Found a large runed translucent door.
  6218 | D:6      | Found a corrupted altar of Lugonu.
  6226 | D:6      | Identified the +6 short sword of Dishonesty {distort, rPois
                  | Will+ Stlth+}
  6458 | D:6      | Found a one-way gate to the infinite horrors of the Abyss.
  6718 | D:7      | Reached skill level 8 in Axes
  6851 | D:7      | Found a radiant altar of Vehumet.
  7890 | D:7      | Found a broken altar of Ashenzari.
  7890 | D:7      | Found an ornate altar of the Wu Jian Council.
  7896 | D:7      | Found a glowing silver altar of Zin.
  7898 | D:7      | Found a shimmering altar of Xom.
  7900 | D:7      | Found a glowing golden altar of the Shining One.
  8127 | D:8      | Found a bloodstained altar of Trog.
  8200 | D:8      | Noticed a two-headed ogre
  8202 | D:8      | Killed a two-headed ogre
  8203 | D:8      | Reached skill level 9 in Axes
  8203 | D:8      | Reached XP level 10. HP: 87/90 MP: 8/16
  8575 | D:8      | You fall into a shaft and drop 1 floor!
  9458 | D:9      | Reached *** piety under Beogh
  9622 | D:9      | Noticed Erolcha
  9624 | D:9      | Killed Erolcha
  9677 | D:9      | Noticed a boulder beetle
  9680 | D:9      | Killed a boulder beetle
  9681 | D:9      | Reached skill level 10 in Axes
 10074 | D:9      | Reached XP level 11. HP: 97/97 MP: 18/18
 10487 | D:10     | Entered Level 10 of the Dungeon
 10640 | D:10     | Found a stormy altar of Qazlal.
 10640 | D:10     | Noticed a two-headed ogre
 10642 | D:10     | Killed a two-headed ogre
 10643 | D:10     | Reached skill level 10 in Invocations
 10938 | D:10     | Found a hazy altar of Hepliaklqana.
 11108 | D:11     | Noticed a seven-headed hydra
 11208 | D:10     | Reached skill level 10 in Fighting
 11732 | D:10     | Reached skill level 11 in Axes
 11877 | D:10     | Found an iron altar of Okawaru.
 12065 | D:11     | Noticed Josephine
 12263 | D:11     | Killed Josephine
 12319 | D:11     | Noticed jasper's ghost (journeyman DsCj)
 12325 | D:11     | Found a transporter.
 12328 | D:11     | Found a transporter.
 12343 | D:11     | Killed a seven-headed hydra
 12434 | D:11     | Noticed an orb spider
 12434 | D:11     | a golden eye changed into an orb spider
 12442 | D:11     | Killed an orb spider
 12487 | D:11     | Reached XP level 12. HP: 108/108 MP: 20/20
 12772 | D:11     | Found a staircase to the Orcish Mines.
 12835 | D:11     | Found a staircase to the Lair.
 12859 | D:11     | Found a shimmering blue altar of Sif Muna.
 12934 | D:11     | Found a roughly hewn altar of Beogh.
 13094 | Lair:1   | Entered Level 1 of the Lair of Beasts
 13166 | Lair:1   | You fall into a shaft and drop 1 floor!
 13201 | Lair:2   | Reached skill level 12 in Axes
 14071 | Lair:1   | Noticed a six-headed hydra
 14073 | Lair:1   | Killed a six-headed hydra
 14156 | Lair:1   | Reached skill level 10 in Armour
 14497 | Lair:2   | Noticed a five-headed hydra
 14499 | Lair:2   | Killed a five-headed hydra
 14590 | Lair:2   | Reached skill level 10 in Shields
 15466 | Lair:3   | Found a dark tunnel.
 15475 | Volcano  | Entered a volcano
 15618 | Volcano  | Noticed a centaur warrior
 15620 | Volcano  | Killed a centaur warrior
 15633 | Volcano  | Reached skill level 13 in Axes
 15743 | Volcano  | Noticed a red draconian
 15749 | Volcano  | Killed a red draconian
 15750 | Volcano  | Reached XP level 13. HP: 99/118 MP: 5/22
 15886 | Lair:3   | Reached skill level 1 in Crossbows
 16390 | Lair:3   | Found a white marble altar of Elyvilon.
 16395 | Lair:3   | Found the +9 staff of Wucad Mu {*channel}
 17713 | Lair:4   | Found a staircase to the Snake Pit.
 17827 | Orc:1    | Entered Level 1 of the Orcish Mines
 17827 | Orc:1    | Noticed Erica
 17828 | Orc:1    | Noticed an orc warlord
 18292 | D:11     | Killed Erica
 18552 | Orc:1    | Noticed an orc warlord
 18560 | Orc:1    | Killed an orc warlord
 18803 | D:11     | Killed an orc warlord
 19187 | Orc:2    | Entered Level 2 of the Orcish Mines
 19289 | Orc:2    | Found a staircase to the Elven Halls.
 19394 | Orc:2    | Noticed Jorgrun
 19424 | Orc:1    | Reached skill level 14 in Axes
 19818 | Orc:2    | Killed Jorgrun
 19971 | Orc:2    | Reached XP level 14. HP: 116/129 MP: 21/24
 20806 | Orc:2    | Reached **** piety under Beogh
 21054 | Orc:2    | Found Nanaec's Armour Shop.
 21243 | Orc:2    | Found Cotaoke's Magic Scroll Shop.
 21744 | Orc:2    | Bought a scroll of identify for 30 gold pieces
 21744 | Orc:2    | Bought a scroll of magic mapping for 52 gold pieces
 21744 | Orc:2    | Bought a scroll of identify for 30 gold pieces
 21820 | Orc:2    | Found Lecibrioru's Assorted Antiques.
 21820 | Orc:2    | Found Vigalao's Antique Weapon Shop.
 21820 | Orc:2    | Found Heiw's General Store.
 21820 | Orc:2    | Found Zetubef's Magic Scroll Emporium.
 21827 | Orc:2    | Bought a crude amber ring for 170 gold pieces
 21827 | Orc:2    | Identified the ring "Iterph" {rF+ Will+ Int+2} (You bought
                  | it in a shop on level 2 of the Orcish Mines)
 21829 | Orc:2    | Bought a scroll of enchant armour for 120 gold pieces
 21829 | Orc:2    | Bought a scroll of enchant armour for 120 gold pieces
 21829 | Orc:2    | Bought a scroll of enchant armour for 120 gold pieces
 21981 | Orc:2    | Bought 20 bolts for 60 gold pieces
 21981 | Orc:2    | Bought a scroll of enchant armour for 112 gold pieces
 21999 | Orc:2    | Bought a scroll of enchant weapon for 112 gold pieces
 21999 | Orc:2    | Bought a scroll of enchant armour for 112 gold pieces
 22072 | Orc:1    | Noticed Sonja
 22078 | Orc:1    | Cast into level 2 of the Abyss (Sonja)
 22205 | Abyss:2  | Reached skill level 5 in Crossbows
 22412 | Abyss:2  | Noticed a tentacled starspawn
 22420 | Abyss:2  | Identified the +1 robe "Wicaragu" {Int+2}
 22428 | Abyss:2  | Paralysed by accursed screaming for 2 turns
 22435 | Abyss:2  | Paralysed by accursed screaming for 2 turns
 22484 | Abyss:2  | Reached skill level 15 in Axes
 22661 | Abyss:2  | HP: 5/130 [small abomination (2)]
 22674 | Abyss:2  | Noticed a tentacled starspawn
 22678 | Abyss:2  | HP: 4/130 [constriction[a tentacled starspawn] (1)]
 22686 | Abyss:2  | HP: 5/130 [something (2)]
 22687 | Abyss:2  | Noticed a tentacled starspawn
 22699 | Abyss:2  | HP: 6/130 [something (1)]
 22712 | Abyss:2  | Identified the +0 pair of gloves "Kunafone" {*Corrode Will+
                  | Dex+5}
 22726 | Abyss:2  | HP: 4/104 [something (3)]
 22734 | Abyss:2  | HP: 4/104 [something (2)]
 22734 | Abyss:2  | Slain by an unseen horror

Illustrated notes

Levels and vault maps discovered:
D:1:      minmay_arrival_cross, layout_rooms, serial_shops,
          nicolae_shop_waterfront, minmay_shallow_snake_nest
D:2:      layout_basic, shapermc_ecumenical_altar_ellora,
          wander_ebering_terrifying_dragon_lair, uniq_jessica
D:3:      layout_basic, uniq_robin
D:4:      layout_cave_pods, minmay_temple_entry_offerings,
          kennysheep_another_room
D:5:      layout_loops_cross, slow_altar_2
D:6:      due_chaos_kobolds, layout_cave_pods, minmay_misc_feat_secret_circle
D:7:      layout_loops_ring, fiery_altar_vehumet,
          chequers_temple_overflow_minitemple
D:8:      layout_cave_pods, kennysheep_mini_moat, minmay_misc_feat_encased
D:9:      layout_roguey, nzn_sisyphean_effort, uniq_erolcha
D:10:     layout_basic, overflow_temple_1_default, okawaru_altar_gauntlet_db,
          mainiacjoe_overflow_brackets
D:11:     layout_rooms, erik_lair_orcish_takeover,
          minmay_orc_entry_temple_small, gammafunk_ghost_hive, led_sif_pool,
          uniq_josephine
Lair:1:   layout_hall_layers
Lair:2:   layout_regular_city
Lair:3:   nzn_winding_woodlands_small [nzn_winding_woodlands_5x15_pockets,
          nzn_winding_woodlands_center_garden,
          nzn_winding_woodlands_5x15_default], layout_chaotic_city,
          nicolae_volcano_entry_vermiform, basic_altar, patterned_corridor,
          serial_bayou_shore_b
Lair:4:   layout_regular_city, shoals_dummy_entry, guppyfry_snake_entry_garden,
          kennysheep_basilisk_garden, infiniplex_staircase_pool
Orc:1:    layout_caves, uniq_erica, uniq_sonja
Orc:2:    st_orc_ogre_mass, layout_diamond_mine, serial_shops,
          nicolae_shop_trees, shop_fountains, uniq_jorgrun
Abyss:2:  base: D:12, bh_abyss_negative, evilmike_abyss_exit_vortex,
          guppyfry_abyss_exit_glass_guarded, evilmike_abyss_exit_chaos

Skill      XL: |  1  2  3  4  5  6  7  8  9 10 11 12 13 14 |
---------------+-------------------------------------------+-----
Invocations    | 1 2 3 4 5 6 8 9 11 12 13 14 | 14.7
Fighting       | 4 5 6 7 8 9 10 12 13 | 13.9
Armour         | 1 2 3 5 6 7 9 10 11 12 | 12.3
Shields        | 2 3 4 6 7 9 10 11 12 | 12.1
Axes           | 5 6 7 9 10 11 13 14 15 | 15.1
Crossbows      | 3 5 |  5.3
Dodging        | |  2.8
Stealth        | |  1.5

Action                   |  1- 3 |  4- 6 |  7- 9 | 10-12 | 13-15 || total
-------------------------+-------+-------+-------+-------+-------++-------
Melee: Hand axe          |   108 |   206 |   199 |   496 |    41 ||  1050
       Broad axe         |       |       |       |       |   478 ||   478
Throw: Throwing net      |       |       |     3 |       |       ||     3
Invok: Convert to Beogh  |       |     1 |       |       |       ||     1
       Smiting           |       |       |    15 |    27 |    13 ||    55
       Recall Orcish Fol |       |       |       |       |     2 ||     2
Evoke: Wand              |       |       |       |       |     7 ||     7
       Condenser vane    |       |       |       |       |     1 ||     1
  Use: Scroll            |     2 |     8 |    10 |    10 |     7 ||    37
       Potion            |       |       |     2 |     3 |    14 ||    19
 Stab: Sleeping          |     3 |     4 |       |       |       ||     7
Armor: Robe              |    23 |       |       |       |       ||    23
       Leather armour    |       |    37 |       |       |       ||    37
       Ring mail         |       |    43 |    66 |       |       ||   109
       Skin              |       |     2 |       |       |       ||     2
       Plate armour      |       |       |     9 |   249 |   327 ||   585
Dodge: Dodged            |    58 |   125 |    79 |   125 |   160 ||   547
Block: Buckler           |       |    26 |    38 |   139 |   252 ||   455

Table legend: (Time is in decaauts)
 A = Elapsed time spent in this place.
 B = Non-inter-level travel time spent in this place.
 C = Inter-level travel time spent in this place.
 D = Time resting spent in this place.
 E = Time spent auto-exploring this place.
 F = Levels seen in this place.
 G = Mean time per level.
                   A        B        C        D        E       F      G
               +--------+--------+--------+--------+--------+-----+--------+
         Total |  22566 |  21630 |    936 |   4752 |  13318 |  19 | 1187.7 |
       Dungeon |  14037 |  13428 |    609 |   2728 |   8630 |  11 | 1276.1 |
          Lair |   4228 |   4074 |    154 |    678 |   2887 |   4 | 1057.0 |
  Orcish Mines |   3291 |   3119 |    172 |   1169 |   1285 |   2 | 1645.5 |
         Abyss |    611 |    611 |      0 |     99 |    276 |   1 |  611.0 |
       Volcano |    398 |    398 |      0 |     77 |    240 |   1 |  398.0 |
               +--------+--------+--------+--------+--------+-----+--------+

Top non-repeatable levels by time:
   Orc:2: 1921 daAuts
    D:11: 1819 daAuts
  Lair:3: 1779 daAuts
    D:10: 1741 daAuts
     D:2: 1433 daAuts
   Orc:1: 1369 daAuts
     D:8: 1359 daAuts
  Lair:1: 1314 daAuts
     D:7: 1249 daAuts
     D:3: 1202 daAuts
     D:6: 1179 daAuts
     D:9: 1160 daAuts
     D:4: 990 daAuts
     D:1: 956 daAuts
     D:5: 946 daAuts
